 Dungeon Crawl Stone Soup version 0.30-a0-772-g5528072125 (webtiles) character file.

Game seed: 13794479837676501650

289 AzureAlchemist the Trooper (level 6, -2/35 HPs)
             Began as a Vine Stalker Fighter on Feb 12, 2023.
             Slain by a gnoll
             ... wielding a +0 halberd
              (4 damage)
             ... on level 4 of the Dungeon.
             The game lasted 00:07:10 (2517 turns).

AzureAlchemist the Trooper (Vine Stalker Fighter)   Turns: 2517, Time: 00:07:11

Health: -2/35      AC:  8    Str: 19    XL:     6   Next: 31%
Magic:  0/7        EV:  9    Int:  8    God:
Gold:   186        SH:  0    Dex: 18    Spells: 5/5 levels left

rFire   . . .      SeeInvis .    s - +4 dire flail of Pyqamebb {speed, Dex+3 Stlth+}
rCold   . . .      Faith    .    (shield currently unavailable)
rNeg    . . .      Spirit   +    a - +0 scale mail
rPois   +          Reflect  .    (no helmet)
rElec   .          Harm     .    (no cloak)
rCorr   .          Rampage  .    n - +0 pair of gloves
Will    +....                    k - +0 pair of boots
Stlth   +                        (no amulet)
HPRegen 1.05/turn                e - ring of poison resistance
MPRegen 0.10/turn                r - ring of willpower

@: no status effects
A: fangs 2, regeneration 1, magic shield, antimagic bite, no potion heal 2
a: no special abilities


You were on level 4 of the Dungeon.
You visited 1 branch of the dungeon, and saw 4 of its levels.

You collected 186 gold pieces.

Inventory:

Hand Weapons
 b - a +1 sling of freezing
 s - the +4 dire flail of Pyqamebb (weapon) {speed, Dex+3 Stlth+}
   (You found it on level 3 of the Dungeon)

   Dex:       It affects your dexterity (+3).
   Stlth:     It makes you more stealthy.
Armour
 a - a +0 scale mail (worn)
 k - a +0 pair of boots (worn)
 n - a +0 pair of gloves (worn)
 o - a +0 buckler
Jewellery
 e - a ring of poison resistance (left hand)
 r - a ring of willpower (right hand)
Wands
 x - a wand of digging (5)
Scrolls
 d - a scroll of poison {unknown}
 g - 2 scrolls of magic mapping {unknown}
 i - 4 scrolls of identify {unknown}
 j - a scroll of fog {unknown}
 l - a scroll of blinking {unknown}
 m - a scroll of fear {unknown}
 p - a scroll of butterflies {unknown}
 q - a scroll of enchant armour {unknown}
 u - a scroll of immolation {unknown}
 v - 4 scrolls of teleportation {unknown}
Potions
 c - a potion of might
 f - 4 potions of curing {unknown}
 h - 3 potions of heal wounds {unknown}
 t - a potion of degeneration {unknown}
 w - a potion of lignification {unknown}
 z - a potion of brilliance {unknown}


   Skills:
 - Level 4.8 Fighting
 - Level 2.4 Armour
 + Level 0.3 Dodging
 - Level 2.6 Shields
 - Level 4.6 Unarmed Combat


You had 5 spell levels left.
You didn't know any spells.
Your spell library was empty.

Dungeon Overview and Level Annotations

Branches:
Dungeon (4/15)
 Temple: D:4-7

Altars:
Elyvilon
The Shining One

Shops:
D:2 [(=?*


Innate Abilities, Weirdness & Mutations

You have extremely sharp teeth.
Your natural rate of healing is unusually fast.
When hurt, damage is shared between your health and your magic reserves.
Your bite disrupts and absorbs the magic of your enemies.
Potions cannot restore your health.


Message History

You closely miss the gnoll. You bite the gnoll. You drain its power.
You feel invigorated.
The gnoll is moderately wounded.
The gnoll hits you but does no damage.
You barely miss the gnoll. Your bite misses the gnoll.
The gnoll is moderately wounded.
The gnoll hits you but does no damage.
You hit the gnoll.
The gnoll is severely wounded.
You closely miss the gnoll. Your bite misses the gnoll.
The gnoll is severely wounded.
The gnoll hits you but does no damage.
You hit the gnoll.
You kill the gnoll!
A gnoll comes into view. It is wielding a +0 spear.
A gnoll comes into view. It is wielding a +0 halberd.
The gnoll shouts! x2
You sock the gnoll! Your bite misses the gnoll.
The gnoll is severely wounded.
The gnoll hits you but does no damage.
The gnoll throws a throwing net.
The throwing net hits you.
You become entangled in the net!
You struggle against the net.
The gnoll barely misses you.
You struggle against the net.
The gnoll hits you with a +0 halberd!
You struggle against the net.
The gnoll hits you with a +0 halberd!
You struggle against the net.
The gnoll hits you with a +0 halberd.
You rip the net and break free!
The gnoll throws a throwing net.
The throwing net hits you.
You become entangled in the net!
The gnoll hits you with a +0 halberd!
You struggle against the net.
The gnoll closely misses you. The gnoll hits you but does no damage.
You tear a large gash into the net.
The gnoll hits you with a +0 halberd!
* * * LOW HITPOINT WARNING * * *
The gnoll hits you from afar with a +0 spear.
* * * LOW HITPOINT WARNING * * *
You struggle against the net.
The gnoll hits you with a +0 halberd.
* * * LOW HITPOINT WARNING * * *
The gnoll hits you from afar with a +0 spear.
* * * LOW HITPOINT WARNING * * *
You rip the net and break free!
The gnoll hits you with a +0 halberd.
You die...

##.###### #.....
#.......###....##
...####.#.......##### ♣
#..####.#.##........#.♣♣
...#....#.##.#..#......
#.##.#......#..........
#.##.##.#.##........#
#.......#.##.##.##.##
####.####.......@?.# #.#
####.##†#g.# #.#
#.##g#..# #.# #.##.#...#
#.# .....#.#.# #.#
.....#.#.# .# ...... .
..##.. .. ...


You could see 2 gnolls.

Vanquished Creatures
  Grinder (D:4)
  A gnoll (D:4)
  3 adders (D:2)
  A worm (D:2)
  2 dart slugs
  An orc (D:3)
  6 bats
  4 endoplasms
  2 giant cockroaches
  5 hobgoblins
  6 jackals
  3 kobolds
  4 ball pythons
  3 frilled lizards
  5 goblins
  9 rats
56 creatures vanquished.

Notes
Turn   | Place    | Note
-------+----------+-------------------------------------------
     0 | D:1      | AzureAlchemist the Vine Stalker Fighter began the quest for
                  | the Orb.
     0 | D:1      | Reached XP level 1. HP: 11/11 MP: 2/2
   189 | D:1      | Reached XP level 2. HP: 16/16 MP: 3/3
   938 | D:2      | Found Rozez's Assorted Antiques.
  1018 | D:2      | Reached XP level 3. HP: 13/19 MP: 2/4
  1113 | D:2      | Found a white marble altar of Elyvilon.
  1162 | D:2      | Found Etuabb's Antique Armour Boutique.
  1201 | D:2      | Gained mutation: Your natural rate of healing is unusually
                  | fast. [Vine Stalker growth]
  1201 | D:2      | Reached XP level 4. HP: 23/23 MP: 5/5
  1298 | D:2      | Found Oninifik's Jewellery Shoppe.
  1449 | D:2      | Found Ataopek's Weapon Shop.
  1529 | D:2      | Found Koext's Magic Scroll Emporium.
  2053 | D:3      | Identified the +4 dire flail of Pyqamebb {speed, Dex+3
                  | Stlth+}
  2380 | D:4      | Noticed Grinder
  2399 | D:4      | Killed Grinder
  2400 | D:4      | Reached XP level 5. HP: 30/30 MP: 6/6
  2400 | D:4      | Reached XP level 6. HP: 35/35 MP: 7/7
  2443 | D:4      | Found a glowing golden altar of the Shining One.
  2516 | D:4      | HP: 1/35 [gnoll/+0 spear (2)]
  2517 | D:4      | Slain by a gnoll

Illustrated notes

Levels and vault maps discovered:
D:1:      arrival_zaba_pyramid, layout_basic, nicolae_hexahallways,
          corexii_leaking_fountain, minmay_tromino_v7
D:2:      layout_basic, serial_shops, shop, nicolae_shop_waterfront,
          nicolae_shop_hallway_stairs, nicolae_shop_overgrown_old_shop,
          nicolae_shop_stone, basic_altar, serial_bayou_pond_d,
          minmay_misc_feat_five, nrook_mini_backslash
D:3:      layout_basic, minmay_misc_feat_nine_boxes
D:4:      layout_loops_cross, nicolae_tso_swordbearing_angel,
          uniq_crazy_yiuf_cottage, uniq_grinder, uniq_sigmund

Skill      XL: |  1  2  3  4 |
---------------+-------------+-----
Unarmed Combat | 3 4 |  4.6
Fighting       | 4 |  4.8
Armour         | |  2.4
Dodging        | |  0.3
Shields        | |  2.6

Action                     |  1- 3 |  4- 6 || total
---------------------------+-------+-------++-------
  Melee: Unarmed           |    76 |    28 ||   104
         Bite              |    20 |    11 ||    31
         Dire flail        |       |    17 ||    17
   Fire: Sling             |       |    38 ||    38
 Armour: Scale mail        |    21 |    30 ||    51
  Dodge: Dodged            |    33 |    26 ||    59
  Block: Buckler           |    12 |     6 ||    18

Table legend: (Time is in decaauts)
 A = Elapsed time spent in this place.
 B = Non-inter-level travel time spent in this place.
 C = Inter-level travel time spent in this place.
 D = Time resting spent in this place.
 E = Time spent auto-exploring this place.
 F = Levels seen in this place.
 G = Mean time per level.
                   A        B        C        D        E       F      G
               +--------+--------+--------+--------+--------+-----+--------+
         Total |   2519 |   2448 |     71 |      0 |   2015 |   4 |  629.8 |
       Dungeon |   2519 |   2448 |     71 |      0 |   2015 |   4 |  629.8 |
               +--------+--------+--------+--------+--------+-----+--------+

Top non-repeatable levels by time:
     D:2: 964 daAuts
     D:1: 935 daAuts
     D:3: 484 daAuts
     D:4: 135 daAuts
